 Dungeon Crawl Stone Soup version 0.22-a0-422-g9628fc8 (webtiles) character file.

8458 Mgcat the Grappler (level 11, -9/119 HPs)
             Began as a Troll Fighter on May 16, 2018.
             Was an Elder of Wu Jian.
             Killed from afar by an ice dragon (34 damage)
             ... with a blast of cold
             ... on level 9 of the Dungeon on May 17, 2018.
             The game lasted 00:23:56 (7048 turns).

Mgcat the Grappler (Troll Fighter)                  Turns: 7048, Time: 00:23:57

Health: -9/119     AC:  6    Str: 27      XL:     11   Next: 10%
Magic:  10/10      EV:  8    Int:  6      God:    Wu Jian [****..]
Gold:   41         SH:  9    Dex: 14 (15) Spells: 10/10 levels left

rFire    . . .     SeeInvis .     - Unarmed
rCold    . . .     Gourm    +   b - +0 shield
rNeg     . . .     Faith    .   a - +0 robe
rPois    +         Spirit   .   (helmet restricted)
rElec    .         Reflect  .   s - +0 cloak (curse)
rCorr    .         Harm     .   (gloves unavailable)
MR       .....                  (boots unavailable)
Stlth    +.........             F - amulet of the acrobat
HPRegen  0.69/turn              v - +6 ring of dexterity
MPRegen  0.12/turn              G - ring of poison resistance {rPois, !d}

@: no status effects
A: large, unfitting armour, claws 3, fast metabolism 3, gourmand, regeneration
1, shaggy fur 1, tough skin 2
a: Wall Jump, Serpent's Lash, Renounce Religion


You were on level 9 of the Dungeon.
You worshipped Wu Jian.
Wu Jian was greatly pleased with you.
You were very full.

You visited 1 branch of the dungeon, and saw 9 of its levels.

You collected 456 gold pieces.
You spent 415 gold pieces at shops.

Inventory:

Missiles
 q - 3 curare-tipped needles
Armour
 a - a +0 robe (worn)
 b - a +0 shield (worn)
 s - a cursed +0 cloak (worn)
   (You found it on level 3 of the Dungeon)
Jewellery
 v - a +6 ring of dexterity (left claw)
   (You found it on level 5 of the Dungeon)
 F - an amulet of the acrobat (around neck)
   (You bought it in a shop on level 6 of the Dungeon)
 G - a ring of poison resistance (right claw) {rPois, !d}
   (You found it on level 7 of the Dungeon)
Wands
 l - a wand of scattershot (7)
   (You found it on level 3 of the Dungeon)
 u - a wand of polymorph (20)
   (You took it off a centaur on level 9 of the Dungeon)
 y - a wand of digging (13)
   (You took it off Ijyb on level 5 of the Dungeon)
 D - a wand of enslavement (14)
   (You found it on level 6 of the Dungeon)
 J - a wand of paralysis (8)
   (You found it on level 8 of the Dungeon)
Scrolls
 f - 3 scrolls of immolation {unknown}
 g - 5 scrolls of remove curse
 h - 11 scrolls of identify {unknown}
 i - 4 scrolls of blinking {unknown}
 k - a scroll of random uselessness {unknown}
 m - 3 scrolls of magic mapping {unknown}
 n - a scroll of fear {unknown}
 r - 2 scrolls of fog {unknown}
 z - a scroll of enchant weapon
 B - 5 scrolls of enchant armour {unknown}
 C - a scroll of vulnerability {unknown}
 I - a scroll of teleportation {unknown}
 K - a scroll of noise {unknown}
Potions
 c - 2 potions of ambrosia {unknown}
 e - 4 potions of curing {unknown}
 j - 4 potions of mutation {unknown}
 o - 5 potions of agility {unknown}
 p - a potion of resistance
 t - 2 potions of brilliance {unknown}
 w - 2 potions of flight {unknown}
 x - 2 potions of heal wounds
 A - a potion of berserk rage {unknown}
 E - a potion of magic {unknown}
 H - a potion of lignification {unknown}
Comestibles
 d - 25 rations


   Skills:
 + Level 10.5 Fighting
 - Level 2.4 Dodging
 - Level 2.4 Shields
 + Level 12.1 Unarmed Combat


You had 10 spell levels left.
You didn't know any spells.
Your spell library contained the following spells:

 Spells                   Type           Power        Failure   Level  Hunger
 Fireball                 Conj/Fire      #.........   100%        5    ######.
 Conjure Flame            Conj/Fire      #.......     99%         3    ####...
 Throw Flame              Conj/Fire      #.....       97%         2    ###....
 Summon Small Mammal      Summ           #...         90%         1    ##.....
 Sticky Flame             Conj/Fire      #.......     100%        4    #####..
 Summon Ice Beast         Ice/Summ       #.......     100%        4    #####..
 Call Imp                 Summ           #.......     97%         2    ###....
 Stone Arrow              Conj/Erth      #.....       99%         3    ####...
 Flame Tongue             Conj/Fire      #....        90%         1    ##.....
 Passwall                 Tmut/Erth      #.........   97%         2    ###....
 Call Canine Familiar     Summ           #.......     99%         3    ####...
 Lee's Rapid Deconstruct  Erth           #.........   100%        5    ######.
 Sandblast                Erth           #.....       90%         1    ##.....
 Petrify                  Tmut/Erth      #.......     100%        4    #####..
 Inner Flame              Hex/Fire       #.......     99%         3    ####...
 Summon Lightning Spire   Summ/Air       #.......     100%        4    #####..
 Summon Guardian Golem    Hex/Summ       #.......     99%         3    ####...


Dungeon Overview and Level Annotations

Branches:
Dungeon (9/15)             Temple (0/1) D:6            Lair (0/6) D:8
    Orc: D:9-12

Altars:
Ashenzari
Cheibriados
Gozag
Hepliaklqana
Makhleb
Sif Muna
Uskayaw
Wu Jian
The Shining One

Shops:
D:4 [   D:6 (=!*(

Annotations:
D:9 1 runed door


Innate Abilities, Weirdness & Mutations

You are too large for most types of armour.
You have claws for hands.
Your metabolism is lightning-fast.
You like to eat raw meat.
Your natural rate of healing is unusually fast.
You are covered in fur. (AC +1)
You have very tough skin. (AC +2)


Message History

The bullfrog zombie hits you but does no damage.
You scratch the bullfrog zombie.
The bullfrog zombie is lightly damaged.
The bullfrog zombie closely misses you.
You scratch the bullfrog zombie.
The bullfrog zombie is moderately damaged.
The bullfrog zombie barely misses you.
You closely miss the bullfrog zombie.
The bullfrog zombie is moderately damaged.
The bullfrog zombie hits you.
You scratch the bullfrog zombie.
The bullfrog zombie is heavily damaged.
The bullfrog zombie hits you but does no damage.
You claw the bullfrog zombie!
The bullfrog zombie is almost destroyed.
The bullfrog zombie hits you.
You mangle the bullfrog zombie!!
You destroy the bullfrog zombie!
The Council accepts your kill.
No target in view!
No target in view!
No target in view!
HP restored.
Key pressed, stopping explore.
Unknown command.
There is an escape hatch in the ceiling here.
A mysterious force pulls you upwards. The hatch slams shut behind you.
There is a stone staircase leading down here.
You climb downwards.
There is a stone staircase leading up here.
d - 25 rations (gained 1)
u - a wand of polymorph (20) (gained 13 charges)
K - a scroll labeled QITINTIMUTSA You now have 41 gold pieces (gained 24).
Found a stone staircase leading down.
c - 2 smoky brown potions (gained 1)
An ice dragon comes into view.
You scratch the ice dragon but do no damage.
You spin and attack the ice dragon.
You claw the ice dragon!
The ice dragon is lightly wounded.
You block the ice dragon's attack. The ice dragon claws you!
The ice dragon tramples you!
You stumble backwards!
You lunge at the ice dragon.
You claw the ice dragon!
The ice dragon is moderately wounded.
You block the ice dragon's attack. The ice dragon barely misses you.
The ice dragon tramples you!
You stumble backwards!
You spin and attack the ice dragon.
You scratch the ice dragon but do no damage.
The ice dragon is moderately wounded.
The ice dragon bites you but does no damage.
The ice dragon claws you! The ice dragon tramples you!
You stumble backwards!
The ice dragon breathes frost at you. The blast of cold misses you.
You lunge at the ice dragon.
You claw the ice dragon!
The ice dragon is heavily wounded.
The ice dragon bites you! You block the ice dragon's attack.
The ice dragon tramples you!
You stumble backwards!
You spin and attack the ice dragon.
You claw the ice dragon!
The ice dragon is severely wounded.
The ice dragon barely misses you. You block the ice dragon's attack.
The ice dragon tramples you but does no damage.
You lunge at the ice dragon.
You mangle the ice dragon!!
The ice dragon is almost dead.
The ice dragon bites you but does no damage.
The ice dragon barely misses you.
The ice dragon tramples you but does no damage.
You spin and attack the ice dragon.
You scratch the ice dragon.
The ice dragon is almost dead.
The ice dragon barely misses you. The ice dragon claws you!
The ice dragon tramples you!
You hold your ground!
The ice dragon breathes frost at you. The blast of cold hits you!
* * * LOW HITPOINT WARNING * * *
You lunge at the ice dragon.
Your shield prevents you from hitting the ice dragon.
The ice dragon is almost dead.
The ice dragon barely misses you. x2; You block the ice dragon's attack.
You feel much better.
The ice dragon bites you but does no damage.
You block the ice dragon's attack. The ice dragon tramples you.
* * * LOW HITPOINT WARNING * * *
You stumble backwards!
You spin and attack the ice dragon.
You barely miss the ice dragon.
The ice dragon is almost dead.
You block the ice dragon's attack. x2; The ice dragon tramples you!
* * * LOW HITPOINT WARNING * * *
You hold your ground!
Okay, then.
Aiming: Wall Jump
Press: ? - help, Dir - move target cursor You repeatedly attack the ice dragon from above.
You scratch the ice dragon.
The ice dragon is almost dead.
You scratch the ice dragon.
The ice dragon is almost dead.
You scratch the ice dragon.
The ice dragon is almost dead.
The ice dragon breathes frost at you. The blast of cold hits you!
You die...

#..$$≈≈###
#...≈≈≈≈≈#
#...≈≈≈≈≈#
#≈.≈≈≈≈≈≈#
#≈≈≈≈≈..≈#
#≈≈≈.....#
#≈≈....?.#
#...§§§..#
#...§@D.##
##..§§§.#
#......#
##....##
##..##
#..# ##.#
#.# ####
#.## #..#


You could see an ice dragon (pinned).

Vanquished Creatures
  Prince Ribbit (D:5)
  Grinder (D:4)
  2 trolls
  A hornet (D:9)
  A hippogriff (D:7)
  A wyvern (D:9)
  2 hogs (D:8)
  6 yaks
  A human (D:8)
  3 hungry ghosts (D:8)
  Edmund (D:5)
  Duvessa (D:5)
  5 porcupines (D:8)
  3 orc warriors
  5 ice beasts
  3 sky beasts
  The ghost of 4thArraOfDagon the Skirmisher, an amateur MiSu (D:4)
  2 black bears
  2 phantoms
  6 centaurs
  2 ogres
  8 bullfrogs
  A scorpion (D:4)
  Dowan (D:6)
  7 killer bees (D:8)
  9 wights
  5 crimson imps
  A bullfrog zombie (D:9)
  A centaur zombie (D:8)
  2 quasits
  3 hounds
  3 orc priests
  Crazy Yiuf (D:4)
  3 jellies
  10 orc wizards
  2 iguanas
  Ijyb (D:5)
  6 worker ants
  A howler monkey zombie (D:8)
  Robin (D:3)
  A worker ant zombie (D:5)
  11 adders
  2 shadow imps
  A white imp (D:6)
  2 adder zombies
  5 worms
  3 dart slugs
  2 leopard geckos
  32 orcs
  4 bats (D:2)
  3 giant cockroaches
  14 goblins
  7 hobgoblins
  9 jackals
  8 kobolds
  4 quokkas
  2 ball pythons (D:3)
  7 frilled lizards
  A quokka skeleton (D:7)
  7 rats
241 creatures vanquished.

Vanquished Creatures (others)
  9 fungi (D:8)
9 creatures vanquished.

Grand Total: 250 creatures vanquished

Notes
Turn   | Place    | Note
-------+----------+-------------------------------------------
     0 | D:1      | Mgcat the Troll Fighter began the quest for the Orb.
     0 | D:1      | Reached XP level 1. HP: 22/22 MP: 0/0
   219 | D:1      | Reached XP level 2. HP: 29/29 MP: 1/1
   669 | D:2      | Reached skill level 3 in Fighting
   669 | D:2      | Reached XP level 3. HP: 37/37 MP: 2/2
   756 | D:2      | Reached skill level 3 in Unarmed Combat
   805 | D:2      | Found an ornate altar of the Wu Jian Council.
   827 | D:2      | Became a worshipper of the Wu Jian Council
   926 | D:2      | Found a faded altar of an unknown god.
   934 | D:2      | Reached XP level 4. HP: 45/45 MP: 3/3
  1219 | D:3      | Noticed Robin
  1254 | D:3      | Reached * piety under Wu Jian
  1270 | D:2      | HP: 10/45 [goblin[Robin] (3)]
  1345 | D:3      | Killed Robin
  1543 | D:3      | Reached skill level 4 in Unarmed Combat
  1543 | D:3      | Reached XP level 5. HP: 52/54 MP: 4/4
  1574 | D:3      | Found a burning altar of Makhleb.
  1925 | D:3      | Found an opulent altar of Gozag.
  2381 | D:4      | Found Feowemy's Antique Armour Shoppe.
  2393 | D:4      | Reached skill level 4 in Fighting
  2450 | D:4      | Found a hide-covered altar of Uskayaw.
  2450 | D:4      | Found a snail-covered altar of Cheibriados.
  2486 | D:4      | Reached XP level 6. HP: 57/63 MP: 5/5
  2540 | D:4      | Reached skill level 5 in Unarmed Combat
  2631 | D:4      | Found a glowing golden altar of the Shining One.
  2715 | D:4      | Noticed Grinder
  2716 | D:4      | Noticed an ice beast
  2716 | D:4      | Paralysed by Grinder for 7 turns
  2729 | D:4      | Killed Grinder
  2729 | D:4      | Reached skill level 5 in Fighting
  2729 | D:4      | Reached XP level 7. HP: 40/72 MP: 6/6
  2733 | D:4      | Reached skill level 6 in Unarmed Combat
  2782 | D:4      | Found a runed door.
  2948 | D:4      | Noticed 4thArraOfDagon's ghost (amateur MiSu)
  2957 | D:4      | Killed 4thArraOfDagon's ghost
  2984 | D:4      | Reached ** piety under Wu Jian
  3078 | D:4      | Noticed Crazy Yiuf
  3089 | D:4      | Killed Crazy Yiuf
  3134 | D:5      | Entered Level 5 of the Dungeon
  3328 | D:5      | Reached skill level 6 in Fighting
  3328 | D:5      | Reached XP level 8. HP: 77/83 MP: 7/7
  3347 | D:5      | Noticed Ijyb
  3356 | D:5      | Killed Ijyb
  3359 | D:5      | Reached skill level 7 in Unarmed Combat
  3434 | D:5      | Noticed Prince Ribbit
  3448 | D:5      | Killed Prince Ribbit
  3502 | D:5      | Noticed Edmund
  3519 | D:5      | Killed Edmund
  3815 | D:5      | Reached skill level 8 in Unarmed Combat
  3908 | D:5      | Found a deep blue altar of Sif Muna.
  3962 | D:6      | Noticed Duvessa
  3962 | D:6      | Noticed Dowan
  3966 | D:6      | Killed Dowan
  3966 | D:6      | Reached skill level 7 in Fighting
  4045 | D:5      | Killed Duvessa
  4147 | D:6      | Found a hazy altar of Hepliaklqana.
  4176 | D:6      | Found Ivi Gimp's Distillery.
  4179 | D:6      | Bought a potion of heal wounds for 55 gold pieces
  4199 | D:6      | Reached XP level 9. HP: 87/93 MP: 8/8
  4242 | D:6      | Found Ithis's Weapon Emporium.
  4306 | D:6      | Found Liduof's Jewellery Shop.
  4368 | D:6      | Found a staircase to the Ecumenical Temple.
  4394 | D:6      | Reached skill level 9 in Unarmed Combat
  4397 | D:6      | Found Worejeg's Antique Weapon Shoppe.
  4412 | D:6      | Reached *** piety under Wu Jian
  4630 | D:6      | Found Idoluerre's Assorted Antiques.
  4900 | D:6      | Reached skill level 8 in Fighting
  5727 | D:8      | Reached skill level 10 in Unarmed Combat
  5768 | D:8      | Noticed a troll
  5820 | D:8      | Reached skill level 9 in Fighting
  5820 | D:8      | Reached XP level 10. HP: 89/107 MP: 9/9
  5858 | D:8      | Reached **** piety under Wu Jian
  6019 | D:8      | Reached skill level 11 in Unarmed Combat
  6186 | D:8      | Found a staircase to the Lair.
  6209 | D:8      | Found a shattered altar of Ashenzari.
  6290 | D:8      | Reached skill level 10 in Fighting
  6665 | D:6      | Bought an uncursed amulet of the acrobat for 360 gold pieces
  6758 | D:9      | Reached skill level 12 in Unarmed Combat
  6758 | D:9      | Reached XP level 11. HP: 92/119 MP: 10/10
  6965 | D:9      | Found a runed door.
  7029 | D:9      | Noticed an ice dragon
  7044 | D:9      | HP: 8/119 [ice dragon/blast of cold (33)]
  7048 | D:9      | Killed from afar by an ice dragon

Vault maps used:
D:1:      lightli_arrival_noodles
D:2:      lemuel_crystal_altar, chequers_ecumenical_altar_simple_redux
D:3:      bloody_makhleb, marbit_many_paths, first_ration, wad_woods_river_04,
          minivault_27, kennysheep_boxes, uniq_robin
D:4:      eat_drink_and_be_merry_uskayaw, cheibriados_altar_1, serial_shops,
          shop_fountains, tso_metal_star, uniq_crazy_yiuf_cottage, uniq_grinder
D:5:      led_sif_pool, uniq_edmund, uniq_ijyb, uniq_prince_ribbit1
D:6:      lemuel_crystal_altar, minmay_temple_entry_trees, serial_shops,
          kennysheep_mini, nicolae_shop_overgrown_old_shop,
          nicolae_shop_crystal, nicolae_shop_trees, kennysheep_mini_moat,
          minmay_fire_ice_demons, uniq_duvessa
D:8:      ashenzari_altar_1, due_lair_maze_entry_diamond, grunt_livestock,
          grunt_decor_arrowhead
D:9:      dragon1_lemuel, minmay_st_funbox

Skill      XL: |  1  2  3  4  5  6  7  8  9 10 |
---------------+-------------------------------+-----
Fighting       | 3 4 5 6 7 9 10 | 10.5
Unarmed Combat | 3 4 5 6 8 10 12 | 12.1
Dodging        | |  2.4
Shields        | |  2.4

Action                   |  1- 3 |  4- 6 |  7- 9 | 10-12 || total
-------------------------+-------+-------+-------+-------++-------
Melee: Unarmed           |    88 |   151 |   320 |   230 ||   789
Invok: Lunge             |     1 |    21 |    38 |    37 ||    97
       Whirlwind         |       |    17 |   118 |   101 ||   236
       Wall Jump         |       |       |     1 |       ||     1
 Abil: Wall Jump         |       |       |       |     1 ||     1
  Use: Scroll            |     2 |       |       |       ||     2
       Potion            |       |       |     1 |     1 ||     2
 Stab: Sleeping          |       |     1 |     3 |       ||     4
  Eat: Chunk             |    14 |    17 |    33 |    16 ||    80
Armor: Robe              |    24 |    38 |    64 |    66 ||   192
Dodge: Dodged            |    23 |    51 |    59 |    67 ||   200
Block: Shield            |    35 |    51 |    94 |    90 ||   270

Table legend:
 A = Spawn XP
 B = Non-spawn XP
 C = Spawn XP percentage of total XP
 D = Spawn monster count
 E = Non-spawn monster count
 F = Spawn count percentage of total count
 G = Total turns spent on level
                    A         B        C        D         E        F      G
               +---------+---------+-------+---------+---------+-------+---------
         Total |       0 |   12083 |   0.0 |       0 |     241 |   0.0 |  7048
               +---------+---------+-------+---------+---------+-------+---------
           D:1 |       0 |      27 |   0.0 |       0 |      16 |   0.0 |   637
           D:2 |       0 |     102 |   0.0 |       0 |      27 |   0.0 |   643
           D:3 |       0 |     126 |   0.0 |       0 |      31 |   0.0 |  1101
           D:4 |       0 |     899 |   0.0 |       0 |      17 |   0.0 |   753
           D:5 |       0 |    1397 |   0.0 |       0 |      26 |   0.0 |   989
           D:6 |       0 |    1346 |   0.0 |       0 |      28 |   0.0 |   995
           D:7 |       0 |     790 |   0.0 |       0 |      19 |   0.0 |   692
           D:8 |       0 |    4904 |   0.0 |       0 |      53 |   0.0 |   817
           D:9 |       0 |    2492 |   0.0 |       0 |      24 |   0.0 |   421
               +---------+---------+-------+---------+---------+-------+---------

Vault maps used:
D:1:      lightli_arrival_noodles
D:2:      lemuel_crystal_altar, chequers_ecumenical_altar_simple_redux
D:3:      bloody_makhleb, marbit_many_paths, first_ration, wad_woods_river_04,
          minivault_27, kennysheep_boxes, uniq_robin
D:4:      eat_drink_and_be_merry_uskayaw, cheibriados_altar_1, serial_shops,
          shop_fountains, tso_metal_star, uniq_crazy_yiuf_cottage, uniq_grinder
D:5:      led_sif_pool, uniq_edmund, uniq_ijyb, uniq_prince_ribbit1
D:6:      lemuel_crystal_altar, minmay_temple_entry_trees, serial_shops,
          kennysheep_mini, nicolae_shop_overgrown_old_shop,
          nicolae_shop_crystal, nicolae_shop_trees, kennysheep_mini_moat,
          minmay_fire_ice_demons, uniq_duvessa
D:8:      ashenzari_altar_1, due_lair_maze_entry_diamond, grunt_livestock,
          grunt_decor_arrowhead
D:9:      dragon1_lemuel, minmay_st_funbox

Table legend:
 A = Turns spent in this place as a percentage of turns spent in the entire game.
 B = Non-inter-level travel turns spent in this place as a percentage of non-inter-level travel turns spent in the entire game.
 C = Inter-level travel turns spent in this place as a percentage of turns spent in this place.
 D = Turns resting spent in this place as a percentage of non-inter-level travel turns spent in this place.
 E = Turns spent auto-exploring this place as a percentage of non-inter-level travel turns spent in this place.
 F = Non-inter-level travel turns spent in this place divided by the number of levels of this place that you've seen.
                   A       B       C       D       E      F
               +-------+-------+-------+-------+-------+----------------------
         Total | 100.0 | 100.0 |   5.3 |   1.5 |  75.4 | 741.9
       Dungeon | 100.0 | 100.0 |   5.3 |   1.5 |  75.4 | 741.9
               +-------+-------+-------+-------+-------+----------------------

Table legend:
 A = Kills in this place as a percentage of kills in entire the game.
 B = Kills by you in this place as a percentage of kills by you in the entire game.
 C = Kills by friends in this place as a percentage of kills by friends in the entire game.
 D = Other kills in this place as a percentage of other kills in the entire game.
 E = Experience gained in this place as a percentage of experience gained in the entire game.
 F = Experience gained in this place divided by the number of levels of this place that you have seen.
                   A       B       C       D       E      F
               +-------+-------+-------+-------+-------+----------------------
         Total | 100.0 | 100.0 |   N/A |   N/A | 100.0 | 1342.6
       Dungeon | 100.0 | 100.0 |   N/A |   N/A | 100.0 | 1342.6
               +-------+-------+-------+-------+-------+----------------------
